[Event "Titled Tuesday Blitz September 13 Early 2022"]
[White "Aaditya Dhingra"]
[Black "Zhigalko, Sergei"]
[WhiteFideId "25678191"]
[BlackFideId "13502956"]
[WhiteElo "2514"]
[BlackElo "2909"]
[Result "0-1"]
[Round "01"]
[TimeControl "180+1"]
[Date "2022.09.13"]
[WhiteClock "0:00:18"]
[BlackClock "0:00:35"]

1. Nf3 d5 2. g3 c6 3. Bg2 Bg4 4. d3 Nd7 5. O-O e6 6. Nbd2 Bd6 7. e4 Ne7 8. Qe2 O-O 9. h3 Bh5 10. Rd1 a5 11. Nf1 a4 12. a3 Re8 13. g4 Bg6 14. e5 Bc7 15. Ng3 c5 16. h4 h6 17. h5 Bh7 18. g5 Nc6 19. Bf4 hxg5 20. Bxg5 Qb8 21. h6 g6 22. c4 Ndxe5 23. Nxe5 Bxe5 24. Re1 Bxg3 25. fxg3 Qxg3 26. Bf6 Qf4 27. Bg7 Nd4 28. Qd1 Nf5 29. Be5 Qxh6 30. cxd5 exd5 31. Bxd5 Qg5+ 32. Kf2 Rxe5 33. Rxe5 Qg3+ 34. Kf1 Qxe5 0-1


[Site "https://www.chess.com"]

[Event "Titled Tuesday Blitz September 13 Early 2022"]
[White "Ahn, Hongjin"]
[Black "Sarana, Alexey"]
[WhiteFideId "13201492"]
[BlackFideId "24133795"]
[WhiteElo "2541"]
[BlackElo "3070"]
[Result "0-1"]
[Round "01"]
[TimeControl "180+1"]
[Date "2022.09.13"]
[WhiteClock "0:00:09"]
[BlackClock "0:00:31"]

1. c4 e6 2. Nf3 d5 3. e3 Nf6 4. Nc3 Bb4 5. Qc2 Nc6 6. a3 Bd6 7. d4 a6 8. c5 Be7 9. b4 Nd7 10. Bd3 f5 11. O-O Nf6 12. Bb2 Ne4 13. Ne2 O-O 14. Ne5 Bd7 15. f3 Nf6 16. Nf4 Nxe5 17. dxe5 Ne8 18. e4 Bg5 19. Nh3 Be3+ 20. Kh1 d4 21. f4 Kh8 22. Rf3 Bc6 23. Ng5 Qe7 24. Rh3 h6 25. exf5 exf5 26. Bxf5 Bxf4 27. Nf3 Bxf3 28. Rxf3 Qxe5 29. Be4 Nf6 30. Bxb7 Rab8 31. Bxa6 Bxh2 32. Raf1 Qh5 33. Rh3 Qe5 34. Rxh2 Ng4 35. Rh3 Rxf1+ 36. Bxf1 Rf8 37. Qe2 Nf2+ 38. Kg1 Nxh3+ 39. gxh3 Qg3+ 40. Bg2 d3 41. Qd2 Re8 42. Qxh6+ Kg8 43. Qxg7+ Qxg7 44. Bxg7 Kxg7 45. Bf3 d2 46. Kf2 Re1 47. b5 d1=Q 48. Bxd1 Rxd1 49. a4 Rb1 50. Ke3 Kf6 51. Kd3 Ke6 52. Kc4 Kd7 53. h4 Rh1 54. Kb4 Rxh4+ 55. Ka5 Kc8 56. b6 c6 57. b7+ Kc7 58. b8=Q+ Kxb8 59. Kb6 Rxa4 60. Kxc6 Ra1 61. Kd7 Rc1 62. Kc6 Kc8 63. Kb6 Kd7 64. Kb5 Kc7 65. Kb4 Kc6 66. Ka4 Rxc5 67. Kb4 Kd5 68. Kb3 Rc4 69. Kb2 Kc5 70. Kb3 Kb5 71. Ka3 Rc3+ 72. Kb2 Kb4 73. Kb1 Kb3 74. Ka1 Rc1# 0-1


[Site "https://www.chess.com"]

[Event "Titled Tuesday Blitz September 13 Early 2022"]
[White "Andreikin, Dmitry"]
[Black "Araujo Sanchez, Josue"]
[WhiteFideId "4158814"]
[BlackFideId "6416896"]
[WhiteElo "3066"]
[BlackElo "2539"]
[Result "1-0"]
[Round "01"]
[TimeControl "180+1"]
[Date "2022.09.13"]
[WhiteClock "0:01:49"]
[BlackClock "0:00:21"]

1. e4 c5 2. Nf3 d6 3. d4 cxd4 4. Nxd4 Nf6 5. Nc3 a6 6. Rg1 e5 7. Nb3 h5 8. Bg5 Be7 9. Qd2 Be6 10. O-O-O Nbd7 11. Kb1 Rc8 12. f3 O-O 13. Be2 b5 14. a3 Rc6 15. h4 Qb6 16. Be3 Qb8 17. Na5 Rc7 18. Nd5 Nxd5 19. exd5 Bf5 20. Nc6 Qe8 21. g4 hxg4 22. fxg4 Be4 23. Qb4 Bh7 24. g5 Nb8 25. g6 Bxg6 26. h5 Nxc6 27. dxc6 Qxc6 28. Rc1 Bxc2+ 29. Ka1 d5 30. Qg4 Qf6 31. Rcf1 1-0


[Site "https://www.chess.com"]

[Event "Titled Tuesday Blitz September 13 Early 2022"]
[White "Bachmann, Axel"]
[Black "Vovk, Orest"]
[WhiteFideId "3700488"]
[BlackFideId "14113490"]
[WhiteElo "2595"]
[BlackElo "2203"]
[Result "1/2-1/2"]
[Round "01"]
[TimeControl "180+1"]
[Date "2022.09.13"]
[WhiteClock "0:00:07"]
[BlackClock "0:00:06"]

1. Nf3 h6 2. e4 g5 3. Bc4 Bg7 4. d4 c5 5. c3 cxd4 6. Nxd4 d6 7. O-O Nc6 8. f4 gxf4 9. Bxf4 Nf6 10. Kh1 Qb6 11. Na3 Bg4 12. Qe1 Ne5 13. Bb5+ Bd7 14. Bxe5 dxe5 15. Nc4 Qc5 16. Bxd7+ Nxd7 17. Nf5 Qxc4 18. Nxg7+ Kf8 19. Nf5 Nf6 20. Qg3 Rg8 21. Qxe5 Qxe4 22. Qxe4 Nxe4 23. Rae1 Nd6 24. Nxe7 Rg5 25. h4 Rh5 26. g3 Re8 27. Ng6+ Kg7 28. Nf4 Rhe5 29. Rxe5 Rxe5 30. Kg2 Ne4 31. Re1 f5 32. Re2 Rb5 33. Nd3 Rd5 34. Nf2 Nxf2 35. Kxf2 Rb5 36. b4 Kf6 37. Kf3 Rb6 38. Rd2 Rc6 39. Rd3 a5 40. bxa5 Rc5 41. a4 Rxa5 42. Rd4 Rc5 43. c4 Ra5 44. Rd6+ Ke5 45. Rxh6 Rxa4 46. Rb6 Rxc4 47. Rxb7 Rc3+ 48. Kf2 Rc2+ 49. Kf3 Rc3+ 50. Kg2 Rc2+ 51. Kh3 Rc3 52. Rf7 Ke6 53. Rf8 Ke5 54. h5 Rc1 55. Kh4 Rc4+ 56. Kg5 Rg4+ 57. Kh6 Rxg3 58. Kh7 f4 59. h6 f3 60. Kh8 Ke4 61. h7 Ke3 62. Rxf3+ Kxf3 1/2-1/2


[Site "https://www.chess.com"]

[Event "Titled Tuesday Blitz September 13 Early 2022"]
[White "Bilan, Danila"]
[Black "Hakobyan, Aram"]
[WhiteFideId "24161918"]
[BlackFideId "13306677"]
[WhiteElo "2524"]
[BlackElo "2946"]
[Result "0-1"]
[Round "01"]
[TimeControl "180+1"]
[Date "2022.09.13"]
[WhiteClock "0:00:01"]
[BlackClock "0:00:51"]

1. d4 Nf6 2. Nf3 e6 3. g3 b5 4. Bg2 Bb7 5. O-O c5 6. c3 Na6 7. Bg5 Be7 8. Nbd2 d5 9. Ne5 O-O 10. e3 Rc8 11. h4 h6 12. Bf4 Ne8 13. Qh5 Nf6 14. Qe2 b4 15. Ng4 Nd7 16. Nf3 Nab8 17. Nfe5 Ba6 18. Nxh6+ gxh6 19. Qg4+ Kh8 20. Bxh6 Bf6 21. Qh5 Kg8 22. Qg4+ Kh7 23. Qh5 Be2 24. f3 Nxe5 25. dxe5 Rh8 26. exf6 Qxf6 27. Bg5+ Kg8 28. Qg4 Qg6 29. Rfe1 Nc6 30. Rxe2 f5 31. Qf4 e5 32. h5 Rxh5 33. g4 exf4 34. gxh5 Qxg5 0-1


[Site "https://www.chess.com"]

[Event "Titled Tuesday Blitz September 13 Early 2022"]
[White "Bluebaum, Matthias"]
[Black "Gilmanov, Mansur"]
[WhiteFideId "24651516"]
[BlackFideId "4166868"]
[WhiteElo "2915"]
[BlackElo "2515"]
[Result "1-0"]
[Round "01"]
[TimeControl "180+1"]
[Date "2022.09.13"]
[WhiteClock "0:01:37"]
[BlackClock "0:00:02"]

1. d4 d5 2. c4 e6 3. Nc3 f5 4. Nf3 Nf6 5. Bf4 c6 6. e3 Be7 7. Bd3 O-O 8. h3 Nbd7 9. cxd5 cxd5 10. Rc1 Ne4 11. O-O a6 12. Ne2 Ndf6 13. Qb3 Bd6 14. Rc2 Bd7 15. Rfc1 Qa5 16. Bxd6 Nxd6 17. Rc5 Qd8 18. Ne5 Rc8 19. Nf4 g5 20. Ne2 Nfe4 21. Rxc8 Bxc8 22. f3 Nf6 23. Qc2 Nd7 24. Qc7 Nxe5 25. dxe5 Nf7 26. Qxd8 Rxd8 27. f4 gxf4 28. exf4 Bd7 29. Nd4 Rc8 30. Rxc8+ Bxc8 31. g4 fxg4 32. hxg4 Kf8 33. Bxh7 Kg7 34. Bd3 b6 35. Kf2 a5 36. Kg3 Bd7 37. Bb5 Bxb5 38. Nxb5 Nd8 39. Nd4 Kf7 40. f5 exf5 41. gxf5 Nb7 42. Kf4 Nc5 43. f6 Nd3+ 44. Kf5 Nxb2 45. e6+ Ke8 46. f7+ Ke7 47. Nc6+ Kf8 48. Kf6 1-0


[Site "https://www.chess.com"]

[Event "Titled Tuesday Blitz September 13 Early 2022"]
[White "Esipenko, Andrey"]
[Black "Mortazavi, Ali"]
[WhiteFideId "24175439"]
[BlackFideId "401323"]
[WhiteElo "3015"]
[BlackElo "2536"]
[Result "1-0"]
[Round "01"]
[TimeControl "180+1"]
[Date "2022.09.13"]
[WhiteClock "0:01:53"]
[BlackClock "0:00:18"]

1. d4 Nf6 2. Bg5 Ne4 3. Bf4 d5 4. Nd2 Nxd2 5. Qxd2 Bf5 6. e3 e6 7. Nf3 Be7 8. c4 c6 9. Be2 Nd7 10. O-O O-O 11. h3 h6 12. Rfc1 Nf6 13. Bd3 Ne4 14. Qc2 Bh7 15. Rab1 g5 16. Bh2 f5 17. Ne5 Bf6 18. b4 a6 19. a4 Qe7 20. b5 axb5 21. axb5 dxc4 22. Bxe4 fxe4 23. bxc6 Bxe5 24. Bxe5 bxc6 25. Qxc4 Rac8 26. Qa6 Qd7 27. Rb7 Qd5 28. Rg7+ 1-0


[Site "https://www.chess.com"]

[Event "Titled Tuesday Blitz September 13 Early 2022"]
[White "Estrada Nieto, Julian"]
[Black "Bacrot, Etienne"]
[WhiteFideId "5101018"]
[BlackFideId "605506"]
[WhiteElo "2502"]
[BlackElo "2899"]
[Result "0-1"]
[Round "01"]
[TimeControl "180+1"]
[Date "2022.09.13"]
[WhiteClock "0:00:01"]
[BlackClock "0:00:11"]

1. e4 c5 2. Nf3 Nc6 3. Bb5 g6 4. Bxc6 bxc6 5. O-O Bg7 6. Re1 e5 7. c3 Ne7 8. d4 cxd4 9. cxd4 exd4 10. Nxd4 O-O 11. Nc3 Bb7 12. Bg5 h6 13. Bh4 Re8 14. Qd2 Qb6 15. Nb3 Rad8 16. Rad1 g5 17. Bg3 d5 18. Na4 Qb5 19. Nac5 Bc8 20. Bc7 Bg4 21. f3 Rc8 22. a4 Qc4 23. Rc1 Bh5 24. Rxc4 dxc4 25. Bd6 cxb3 26. Qb4 Rcd8 27. Nb7 Rd7 28. Bxe7 Rexe7 29. Nc5 Rd8 30. Qxb3 Bd4+ 31. Kf1 Bxc5 32. Qc3 Bd4 33. Qxc6 Re6 34. Qc7 Red6 35. Rd1 Bg6 36. Ke2 R6d7 37. Qc4 Kg7 38. b3 f6 39. Qb5 Bf7 40. Qa6 Rd6 41. Qb5 R6d7 0-1


[Site "https://www.chess.com"]

[Event "Titled Tuesday Blitz September 13 Early 2022"]
[White "Ginzburg, Yakov"]
[Black "Pranav, V"]
[WhiteFideId "4157176"]
[BlackFideId "25060783"]
[WhiteElo "2517"]
[BlackElo "2927"]
[Result "0-1"]
[Round "01"]
[TimeControl "180+1"]
[Date "2022.09.13"]
[WhiteClock "0:00:03"]
[BlackClock "0:02:29"]

1. e4 c5 2. Nf3 Nc6 3. d4 cxd4 4. Nxd4 Nf6 5. Nc3 e5 6. Ndb5 d6 7. Bg5 a6 8. Na3 b5 9. Nd5 Be7 10. Bxf6 Bxf6 11. c3 Bg5 12. Nc2 Ne7 13. h4 Bh6 14. Ncb4 O-O 15. a4 bxa4 16. Rxa4 a5 17. Nxe7+ Qxe7 18. Nd5 Qb7 19. b4 axb4 20. Rxa8 Qxa8 21. cxb4 Be6 22. Bc4 Qa3 23. O-O Bxd5 24. Bxd5 Qxb4 25. g3 g6 26. Qd3 Kh8 27. Rb1 Qc5 28. Rb7 f5 29. exf5 Rxf5 30. Rb8+ Bf8 31. Rb2 Qc1+ 32. Kg2 Qxb2 0-1


[Site "https://www.chess.com"]

[Event "Titled Tuesday Blitz September 13 Early 2022"]
[White "Golubev, Mikhail"]
[Black "Bortnyk, Olexandr"]
[WhiteFideId "14100983"]
[BlackFideId "14120828"]
[WhiteElo "2536"]
[BlackElo "3005"]
[Result "0-1"]
[Round "01"]
[TimeControl "180+1"]
[Date "2022.09.13"]
[WhiteClock "0:00:07"]
[BlackClock "0:00:53"]

1. e4 d6 2. d4 Nf6 3. Nc3 Nbd7 4. Nf3 e5 5. Bc4 Be7 6. a4 c6 7. O-O h6 8. Re1 Qc7 9. Ba2 Nf8 10. a5 Ng6 11. a6 bxa6 12. Bc4 O-O 13. h3 Rb8 14. Bxa6 Bxa6 15. Rxa6 Rb6 16. Ra2 Rfb8 17. b3 R6b7 18. dxe5 dxe5 19. Ba3 Rd8 20. Qa1 Bxa3 21. Rxa3 Qe7 22. Ra4 Rbd7 23. Ne2 Nh5 24. Qc3 Qf6 25. Ra6 Rc8 26. Rea1 Nhf4 27. Nxf4 Nxf4 28. Qxe5 Nxh3+ 29. Kf1 Rd2 30. Qxf6 Rxf2+ 31. Ke1 gxf6 32. Nh4 Rf4 33. Nf5 Rxe4+ 34. Kf1 Rf4+ 35. Ke2 Re8+ 36. Kd2 Rf2+ 37. Kc3 Nf4 38. Nd4 c5 39. Nb5 Re3+ 40. Kb2 Nd3+ 41. Ka3 Nb4 0-1


[Site "https://www.chess.com"]

[Event "Titled Tuesday Blitz September 13 Early 2022"]
[White "Goncalves, Davi Sulzbacher"]
[Black "Puranik, Abhimanyu"]
[WhiteFideId "2154510"]
[BlackFideId "5061245"]
[WhiteElo "2522"]
[BlackElo "2939"]
[Result "0-1"]
[Round "01"]
[TimeControl "180+1"]
[Date "2022.09.13"]
[WhiteClock "0:00:05"]
[BlackClock "0:00:20"]

1. d4 Nf6 2. c4 g6 3. Nc3 d5 4. cxd5 Nxd5 5. e4 Nxc3 6. bxc3 Bg7 7. Be3 c5 8. Qd2 Qa5 9. Rc1 O-O 10. d5 Nd7 11. Nf3 Nf6 12. Bd3 Rd8 13. c4 Qxd2+ 14. Nxd2 e6 15. Bxc5 b5 16. d6 Ne8 17. Ba3 Nxd6 18. c5 Nf5 19. Bxb5 Bh6 20. Rd1 Nd4 21. Nb3 Nc2+ 22. Ke2 Rxd1 23. Rxd1 Nxa3 24. Rd8+ Kg7 25. Bd3 Bg5 26. Rd4 Rb8 27. Ra4 Nb5 28. Bxb5 Rxb5 29. Rxa7 e5 30. c6 Rb4 31. Kd3 Be6 32. c7 Rc4 33. Na5 Rc1 34. g3 Bh3 35. f4 exf4 36. gxf4 Bxf4 37. Nc4 Bf1+ 38. Kd4 Rxc4+ 0-1


[Site "https://www.chess.com"]

[Event "Titled Tuesday Blitz September 13 Early 2022"]
[White "Gracia Alvarez, Gerardo Antonio"]
[Black "Belous, Vladimir"]
[WhiteFideId "5109124"]
[BlackFideId "4174003"]
[WhiteElo "2139"]
[BlackElo "2534"]
[Result "0-1"]
[Round "01"]
[TimeControl "180+1"]
[Date "2022.09.13"]
[WhiteClock "0:00:05"]
[BlackClock "0:00:20"]

1. d4 Nf6 2. Bf4 d6 3. Nf3 g6 4. c3 Bg7 5. Nbd2 O-O 6. e4 Nc6 7. Be2 Nh5 8. Be3 e5 9. dxe5 dxe5 10. O-O Nf4 11. Re1 Nxe2+ 12. Qxe2 Be6 13. Nc4 Qe7 14. b4 Rfd8 15. a4 h6 16. b5 Nd4 17. cxd4 exd4 18. e5 dxe3 19. Nxe3 Qb4 20. h3 Qf4 21. Nc2 Bb3 22. Ncd4 Bd5 23. Rac1 Rac8 24. g3 Bxf3 25. Nxf3 Qxa4 26. e6 fxe6 27. Qxe6+ Kh7 28. Nh4 Qd4 29. Qxg6+ Kh8 30. Nf5 Qf6 31. Qxf6 Bxf6 32. Nxh6 Rd5 33. Ng4 Bg7 34. Re7 Rxb5 35. Rcxc7 Rxc7 36. Rxc7 a5 37. Ne3 a4 38. Rc8+ Kh7 39. Ra8 Rb1+ 40. Kg2 b5 41. Ra7 Kg6 42. g4 Bd4 43. Ra6+ Kf7 44. Nd5 Bc5 45. g5 a3 46. g6+ Kg7 47. h4 Rb2 48. h5 Rxf2+ 49. Kg3 Rf5 50. Nf4 a2 51. Kg4 Re5 52. Nd3 Re4+ 53. Kf5 Ra4 54. Rxa4 bxa4 55. Nxc5 a1=Q 56. Ne6+ Kh6 57. g7 Qxg7 58. Nxg7 Kxg7 59. Ke4 a3 60. Kd3 a2 61. Kc2 a1=Q 0-1


[Site "https://www.chess.com"]

[Event "Titled Tuesday Blitz September 13 Early 2022"]
[White "Hansch, Karsten"]
[Black "Xiong, Jeffery"]
[WhiteFideId "24692239"]
[BlackFideId "2047640"]
[WhiteElo "2532"]
[BlackElo "2982"]
[Result "0-1"]
[Round "01"]
[TimeControl "180+1"]
[Date "2022.09.13"]
[WhiteClock "0:00:16"]
[BlackClock "0:00:05"]

1. e4 c5 2. Nf3 d6 3. d4 Nf6 4. Nc3 cxd4 5. Nxd4 a6 6. Bg5 Nbd7 7. Bc4 Qb6 8. Bb3 e6 9. Bxf6 Nxf6 10. Qd2 Bd7 11. O-O-O Rc8 12. f4 Qc5 13. Rhe1 Bc6 14. e5 Nd5 15. Nxc6 bxc6 16. Ne4 Qb6 17. exd6 Kd7 18. c4 Nf6 19. Nxf6+ gxf6 20. Qc3 Rg8 21. f5 Qf2 22. Qxf6 Qxf5 23. Qxf5 exf5 24. c5 Rg7 25. Rf1 Re8 26. Rxf5 Re2 27. Rd2 Rxd2 28. Kxd2 Rxg2+ 29. Kc3 Bg7+ 30. Kb4 Bxb2 31. Rxf7+ Kd8 32. Rxh7 Rg5 33. Be6 Bd4 34. Rd7+ Ke8 35. Re7+ Kd8 36. Ra7 Bxc5+ 37. Kc4 Bxa7 38. h4 Rc5+ 39. Kd3 Rh5 0-1


[Site "https://www.chess.com"]

[Event "Titled Tuesday Blitz September 13 Early 2022"]
[White "Hnydiuk, Aleksander"]
[Black "Gurel, Ediz"]
[WhiteFideId "1109057"]
[BlackFideId "44507356"]
[WhiteElo "2527"]
[BlackElo "2957"]
[Result "1/2-1/2"]
[Round "01"]
[TimeControl "180+1"]
[Date "2022.09.13"]
[WhiteClock "0:00:10"]
[BlackClock "0:00:13"]

1. e4 c5 2. Nf3 d6 3. d4 cxd4 4. Nxd4 Nf6 5. Nc3 a6 6. Be3 e5 7. Nf3 Be7 8. Bc4 O-O 9. O-O Be6 10. Bb3 Nc6 11. Qe2 Rc8 12. Rad1 Qc7 13. Nd5 Bxd5 14. Bxd5 Nxd5 15. Rxd5 Nb4 16. Rd2 Qc4 17. c3 Qxe2 18. Rxe2 Nc6 19. Rd1 g6 20. Nd2 f5 21. Bh6 Rfd8 22. Nc4 Nd4 23. cxd4 Rxc4 24. dxe5 dxe5 25. Rxd8+ Bxd8 26. exf5 g5 27. g3 Rc6 28. Rxe5 Kf7 29. Re6 Rc5 30. g4 Bf6 31. Rb6 Rc7 32. Kg2 Rd7 33. h4 gxh4 34. g5 Be5 35. g6+ hxg6 36. fxg6+ Ke7 37. Bg5+ Kf8 38. Bxh4 Kg7 39. Bg3 Bf6 40. a4 Bd4 41. Re6 Bxb2 42. f4 Bf6 43. f5 Rd5 44. Rb6 Rxf5 45. Rxb7+ Kxg6 46. Rb6 a5 47. Bh4 Kf7 48. Rxf6+ Rxf6 49. Bxf6 Kxf6 50. Kf3 Ke5 51. Ke3 Kd5 52. Kd3 Kc5 53. Kc3 Kd5 54. Kd3 Kc5 55. Kc3 Kd5 56. Kd3 1/2-1/2


[Site "https://www.chess.com"]

[Event "Titled Tuesday Blitz September 13 Early 2022"]
[White "Horak, Martin"]
[Black "Kollars, Dmitrij"]
[WhiteFideId "367095"]
[BlackFideId "12909572"]
[WhiteElo "2500"]
[BlackElo "2879"]
[Result "0-1"]
[Round "01"]
[TimeControl "180+1"]
[Date "2022.09.13"]
[WhiteClock "0:00:05"]
[BlackClock "0:00:05"]

1. d4 Nf6 2. Bg5 Ne4 3. h4 h6 4. Bf4 Nc6 5. Nd2 Nf6 6. Ngf3 d6 7. e4 Bg4 8. Bb5 a6 9. Bxc6+ bxc6 10. c3 e6 11. Qa4 Qd7 12. O-O-O Bxf3 13. gxf3 c5 14. Qxd7+ Nxd7 15. Nb3 cxd4 16. cxd4 a5 17. Kb1 a4 18. Nd2 Be7 19. Rc1 Ra7 20. h5 O-O 21. Rc2 c5 22. dxc5 Nxc5 23. Nc4 Ra6 24. Rd1 Nb7 25. Rcd2 Rd8 26. Rd3 Rc6 27. Ne3 Rdc8 28. R3d2 Nc5 29. Bxd6 Kf8 30. Bxe7+ Kxe7 31. Ng4 f6 32. Ne3 R8c7 33. Rg1 Kf7 34. Rgd1 Ke7 35. Rg1 Kf7 36. Rgd1 Kf8 37. Rd4 Ke7 38. R4d2 Nd7 39. Rg1 Kf7 40. Rgd1 Ke8 41. Rd6 Ke7 42. R6d2 Ne5 43. f4 Nc4 44. Nxc4 Rxc4 45. Rd4 R7c5 46. Rxc4 Rxc4 47. f3 f5 48. Re1 Kf6 49. Re2 g6 50. Re3 gxh5 51. Re2 h4 52. e5+ Kg6 53. Rh2 Rxf4 54. b3 axb3 55. axb3 Kg5 56. Kb2 Rxf3 57. Rg2+ Kf4 58. Rg6 h5 59. Rxe6 h3 60. Rh6 Kg5 61. Rh8 h2 62. Rg8+ Kh4 63. e6 Rf2+ 0-1


[Site "https://www.chess.com"]

[Event "Titled Tuesday Blitz September 13 Early 2022"]
[White "Jobava, Baadur"]
[Black "Kokoszczynski, Jan"]
[WhiteFideId "13601520"]
[BlackFideId "1174460"]
[WhiteElo "2956"]
[BlackElo "2526"]
[Result "1-0"]
[Round "01"]
[TimeControl "180+1"]
[Date "2022.09.13"]
[WhiteClock "0:00:23"]
[BlackClock "0:00:05"]

1. d4 d5 2. Nc3 c6 3. Bf4 Nf6 4. f3 e6 5. a3 Bd6 6. Qd2 O-O 7. O-O-O b6 8. e4 Bxf4 9. Qxf4 Ba6 10. Bxa6 Nxa6 11. Nge2 Rc8 12. h4 Qc7 13. e5 Nd7 14. h5 c5 15. Nb5 Qb8 16. Nd6 Rc6 17. h6 g6 18. Qe3 b5 19. f4 b4 20. a4 b3 21. c3 Rxd6 22. exd6 Qxd6 23. g4 Nf6 24. Qe5 Qxe5 25. fxe5 Nxg4 26. Rdf1 cxd4 27. cxd4 Nb4 28. Kd2 Rc8 29. Nc3 Rc4 30. Rf4 f5 31. exf6 Ne5 32. f7+ Nxf7 33. Rhf1 Nxh6 34. Rf8+ Kg7 35. Rb8 Nf5 36. Rb7+ Kf6 37. Rxa7 Rxd4+ 38. Ke2 Nc2 39. Rxh7 Rg4 40. a5 Nd4+ 41. Ke1 Rg2 42. Rf2 Rg1+ 43. Kd2 Ra1 44. Ra7 g5 45. a6 g4 46. Ra8 g3 47. Rg2 Ke5 48. a7 Nd6 49. Rxg3 Nc4+ 50. Kd3 Nxb2+ 51. Ke3 Nc4+ 52. Kf2 b2 53. Rg5+ Kd6 54. Rd8+ Ke7 55. a8=Q Rxa8 56. Rxa8 Nb5 57. Nb1 Ncd6 58. Rg1 Ne4+ 59. Ke3 Nbc3 60. Nxc3 Nxc3 61. Rb8 e5 62. Rxb2 d4+ 63. Kd3 Kd6 64. Rc2 Nd5 65. Rg6+ Ke7 66. Ke4 d3 67. Kxd5 dxc2 68. Rc6 e4 69. Rxc2 e3 70. Re2 1-0


[Site "https://www.chess.com"]

[Event "Titled Tuesday Blitz September 13 Early 2022"]
[White "Kamsky, Gata"]
[Black "Tasev, Dejan"]
[WhiteFideId "2000024"]
[BlackFideId "936618"]
[WhiteElo "2963"]
[BlackElo "2530"]
[Result "1-0"]
[Round "01"]
[TimeControl "180+1"]
[Date "2022.09.13"]
[WhiteClock "0:00:17"]
[BlackClock "0:00:13"]

1. d4 Nf6 2. Bf4 e6 3. e3 b6 4. Nf3 Bb7 5. a4 a6 6. h3 h6 7. Nbd2 d6 8. Bh2 Nbd7 9. Bd3 g5 10. c3 g4 11. hxg4 Nxg4 12. Bg3 Rg8 13. Qe2 Be7 14. Be4 d5 15. Bd3 Bd6 16. Bxd6 cxd6 17. g3 Qf6 18. e4 dxe4 19. Bxe4 d5 20. Bd3 Kf8 21. O-O-O e5 22. dxe5 Ndxe5 23. Nxe5 Nxe5 24. Bc2 Rc8 25. Rh4 b5 26. axb5 axb5 27. Qxb5 Qc6 28. Qxc6 Rxc6 29. Nb3 Ng4 30. Rxd5 Nxf2 31. Rd8+ Ke7 32. Rxg8 Re6 33. Nd4 Re1+ 34. Kd2 Rg1 35. Rh2 Ne4+ 36. Bxe4 Bxe4 37. Re2 1-0


[Site "https://www.chess.com"]

[Event "Titled Tuesday Blitz September 13 Early 2022"]
[White "Kosakowski, Jakub"]
[Black "Wachinger, Guenther"]
[WhiteFideId "1185080"]
[BlackFideId "4604261"]
[WhiteElo "2453"]
[BlackElo "2212"]
[Result "1-0"]
[Round "01"]
[TimeControl "180+1"]
[Date "2022.09.13"]
[WhiteClock "0:00:53"]
[BlackClock "0:00:05"]

1. e4 c5 2. Nf3 d6 3. c3 Nf6 4. Be2 g6 5. O-O Bg7 6. Bb5+ Bd7 7. Bxd7+ Nbxd7 8. Re1 O-O 9. d4 b5 10. h3 Qc7 11. e5 Nd5 12. Nbd2 dxe5 13. dxe5 e6 14. Qe2 c4 15. a4 a6 16. axb5 axb5 17. Rxa8 Rxa8 18. Nd4 Ra5 19. N2f3 Nc5 20. Bg5 Nd3 21. Rd1 Nxe5 22. Nxe5 Bxe5 23. Kh1 Bf4 24. Nxe6 fxe6 25. Qxe6+ Kh8 26. Bf6+ Nxf6 27. Qxf6+ Kg8 28. Rd8+ 1-0


[Site "https://www.chess.com"]

[Event "Titled Tuesday Blitz September 13 Early 2022"]
[White "Lenderman, Aleksandr"]
[Black "Song, Julien"]
[WhiteFideId "2021285"]
[BlackFideId "659487"]
[WhiteElo "2881"]
[BlackElo "2500"]
[Result "1-0"]
[Round "01"]
[TimeControl "180+1"]
[Date "2022.09.13"]
[WhiteClock "0:01:29"]
[BlackClock "0:00:42"]

1. e4 e6 2. Nf3 d5 3. exd5 exd5 4. d4 Bd6 5. c4 Nf6 6. c5 Be7 7. Bd3 b6 8. cxb6 axb6 9. O-O O-O 10. Re1 c5 11. Nc3 Nc6 12. Bg5 c4 13. Bc2 Bg4 14. Qd2 Bxf3 15. gxf3 Nh5 16. Bxe7 Nxe7 17. Qg5 Nf6 18. Kh1 Ng6 19. f4 Re8 20. f5 Rxe1+ 21. Rxe1 Nf8 22. Rg1 g6 23. fxg6 hxg6 24. f4 Ne6 25. Qe5 Nd7 26. Qxd5 Nf6 27. Qe5 Qxd4 28. Bxg6 Qxf4 29. Be4+ Kf8 30. Qxf4 Nxf4 31. Bxa8 1-0


[Site "https://www.chess.com"]

[Event "Titled Tuesday Blitz September 13 Early 2022"]
[White "Martinez Alcantara, Jose Eduardo"]
[Black "Miszler, Levente"]
[WhiteFideId "3805662"]
[BlackFideId "763276"]
[WhiteElo "2968"]
[BlackElo "2531"]
[Result "1-0"]
[Round "01"]
[TimeControl "180+1"]
[Date "2022.09.13"]
[WhiteClock "0:01:02"]
[BlackClock "0:00:13"]

1. e4 e6 2. d4 d5 3. exd5 exd5 4. Nf3 Nf6 5. Bd3 Bd6 6. O-O O-O 7. h3 h6 8. c4 dxc4 9. Bxc4 Nc6 10. Nc3 Bf5 11. a3 Ne4 12. Re1 Re8 13. Be3 Qf6 14. Bd3 Ng5 15. Bxg5 hxg5 16. Bxf5 Qxf5 17. Qb3 Qf4 18. Qd5 g4 19. hxg4 Qxg4 20. Re4 Rxe4 21. Qxe4 Qxe4 22. Nxe4 Rd8 23. Rc1 Bf4 24. Rc4 g6 25. g3 Bd6 26. b4 a6 27. Kg2 f5 28. Ned2 Be7 29. Nb3 Kf7 30. Kf1 Ke6 31. Rc2 Bf6 32. Nc5+ Kf7 33. Nxb7 Nxd4 34. Rxc7+ Kf8 35. Nxd8 1-0


[Site "https://www.chess.com"]

[Event "Titled Tuesday Blitz September 13 Early 2022"]
[White "Movahed, Sina"]
[Black "Fiorito, Francisco"]
[WhiteFideId "42520835"]
[BlackFideId "180165"]
[WhiteElo "2117"]
[BlackElo "1787"]
[Result "1-0"]
[Round "01"]
[TimeControl "180+1"]
[Date "2022.09.13"]
[WhiteClock "0:00:23"]
[BlackClock "0:00:01"]

1. e4 c5 2. Nf3 Nc6 3. Bb5 e5 4. O-O Bd6 5. a3 a6 6. Bd3 Nge7 7. c3 O-O 8. b4 b6 9. Bb2 Bc7 10. Bc2 Re8 11. d4 cxd4 12. cxd4 d6 13. Bb3 h6 14. h3 Ng6 15. Bd5 Bb7 16. dxe5 dxe5 17. Qb3 Qf6 18. Nbd2 Rac8 19. Rac1 b5 20. Qe3 Nf4 21. Rfd1 Qg6 22. Nh4 Qh5 23. Ndf3 Bd8 24. Nf5 Qg6 25. Ng3 h5 26. Bxc6 Rxc6 27. Rxc6 Qxc6 28. Nxe5 Qf6 29. Nd3 Nd5 30. exd5 Rxe3 31. Bxf6 Rxd3 32. Rxd3 Bxf6 33. d6 Kf8 34. d7 Bd8 35. f3 Ke7 36. Ne4 a5 37. Nc5 Bc6 38. Kf2 axb4 39. axb4 Bb6 40. Ke2 g5 41. g4 hxg4 42. hxg4 Kd8 43. Ne4 Kc7 44. Nxg5 Bxd7 45. Nxf7 Be6 46. Ne5 Kc8 47. f4 Bc7 48. Kf3 Kb7 49. Ke4 Ba2 50. Rd4 Bb1+ 51. Nd3 Kc6 52. f5 Ba2 53. Ne5+ Kb6 54. f6 Bb1+ 55. Nd3 Ba2 56. g5 Bg3 57. Ne5 Bb1+ 58. Kd5 Ba2+ 59. Kd6 Bh4 60. Rxh4 1-0


[Site "https://www.chess.com"]